 Dungeon Crawl Stone Soup version 0.21-a0-504-g2eda330 (webtiles) character file.

231 4thArraOfDagon the Firebug (level 5, 1/28 HPs)
             Began as a Deep Elf Fire Elementalist on Nov 26, 2017.
             Quit the game on level 6 of the Dungeon.
             The game lasted 00:04:47 (617 turns).

4thArraOfDagon the Firebug (DEFE)                    Turns: 617, Time: 00:04:47

Health: 1/28       AC:  2    Str:  5    XL:     5   Next: 72%
Magic:  4/13       EV: 13    Int: 21    God:
Gold:   85         SH:  0    Dex: 15    Spells: 8/12 levels left

rFire    + . .     SeeInvis .   e - scroll of identify
rCold    . . .     Gourm    .   (no shield)
rNeg     . . .     Faith    .   a - +0 robe
rPois    .         Spirit   .   (no helmet)
rElec    .         Reflect  .   (no cloak)
rCorr    .         Harm     .   (no gloves)
MR       .....                  (no boots)
Stlth    ++........             (no amulet)
HPRegen  0.09/turn              i - ring of protection from fire
MPRegen  0.13/turn              (no ring)

@: lethally poisoned (1 -> -6)
A: no striking features
a: no special abilities


You were on level 6 of the Dungeon.
You were not hungry.

You visited 2 branches of the dungeon, and saw 7 of its levels.

You collected 85 gold pieces.

Inventory:

Armour
 a - a +0 robe (worn)
Jewellery
 i - a ring of protection from fire (left hand)
Wands
 d - a wand of iceblast (4)
Scrolls
 e - a scroll of identify (in hand)
 f - a scroll of enchant weapon {unknown}
 g - a scroll of remove curse {unknown}
Books
 b - a book of Flames

   Spells                             Type                      Level
   a - Flame Tongue                   Conjuration/Fire             1
   b - Throw Flame                    Conjuration/Fire             2
   c - Conjure Flame                  Conjuration/Fire             3
   d - Inner Flame                    Hexes/Fire                   3
   e - Sticky Flame                   Conjuration/Fire             4
   f - Fireball                       Conjuration/Fire             5
Comestibles
 c - a bread ration
 h - 2 meat rations


   Skills:
 - Level 2.4 Dodging
 - Level 2.4 Stealth
 + Level 4.4 Spellcasting
 * Level 4.0 Conjurations
 * Level 5.1 Fire Magic


You had 8 spell levels left.
You knew the following spells:

 Your Spells              Type           Power        Failure   Level  Hunger
a - Flame Tongue          Conj/Fire      ###..        1%          1    None
b - Conjure Flame         Conj/Fire      ###.....     4%          3    ##.....


Dungeon Overview and Level Annotations

Branches:
Dungeon (6/15)             Temple (1/1) D:4

Altars:
Ashenzari
Dithmenos
Elyvilon
Fedhas
Hepliaklqana
Makhleb
Nemelex Xobeh
Okawaru
Ru
Uskayaw
Yredelemnul
Zin
The Shining One

Annotations:
D:4 Edmund


Message History

The worker ant is almost dead.
* * * LOW HITPOINT WARNING * * *
You feel sick. The worker ant closely misses you.
Unknown command.
Casting: Flame Tongue
Confirm with . or Enter, or press ? or * to list all spells.
Aiming: Flame Tongue
Press: ? - help, Shift-Dir - straight line, f/p - worker ant
Aim: a worker ant (almost dead)
The flame tongue hits the worker ant.
You kill the worker ant!
Your Conjurations skill increases to level 4!
* * * LOW HITPOINT WARNING * * *
You feel sick.
Unknown command.
You aren't carrying any potions.
* * * LOW HITPOINT WARNING * * *
You feel sick.
Unknown command.
Are you sure you want to abandon this character and quit the game? (Confirm with "yes".)

# .. # ##. ... . (.
... . #.##.## ##...#
..#.#.... .#..##.
........## ....Z..
........@#####.#..###
.....)...............
..#.....####..##.##
#......###..#
#.#.....##..##
.._..##..##.#.#
####.#.## #..##..##
..##...# ##..##o.##.#
#.##..# #..........#


There were no monsters in sight!

Vanquished Creatures
  A centaur (D:6)
  An orc wizard (D:6)
  3 worker ants
  A hound zombie (D:6)
  A hound skeleton (D:4)
  An adder (D:3)
  5 orcs
  2 goblins
  2 hobgoblins
  A kobold (D:1)
18 creatures vanquished.

Notes
Turn   | Place    | Note
-------+----------+-------------------------------------------
     0 | D:1      | 4thArraOfDagon the Deep Elf Fire Elementalist began the quest for the Orb.
     0 | D:1      | Reached XP level 1. HP: 10/10 MP: 6/6
   162 | D:3      | Reached XP level 2. HP: 15/15 MP: 4/8
   199 | D:4      | Reached XP level 3. HP: 12/19 MP: 1/9
   204 | D:4      | Learned a level 3 spell: Conjure Flame
   224 | D:4      | Noticed Edmund
   280 | D:4      | Noticed a phantom
   394 | D:4      | Reached skill level 4 in Fire Magic
   456 | D:4      | Found a staircase to the Ecumenical Temple.
   463 | D:4      | Reached XP level 4. HP: 16/24 MP: 1/11
   472 | Temple   | Entered the Ecumenical Temple
   495 | Temple   | :)
   530 | D:4      | Vidiiot: Bad luck :(
   540 | D:5      | Entered Level 5 of the Dungeon
   562 | D:6      | Found a white marble altar of Elyvilon.
   565 | D:6      | Noticed a centaur
   568 | D:6      | Killed a centaur
   568 | D:6      | Reached XP level 5. HP: 12/28 MP: 4/13
   603 | D:6      | Reached skill level 5 in Fire Magic
   616 | D:6      | HP: 1/28 [poisoned by a worker ant]
   617 | D:6      | 4thArraOfDagon: I'm doomed to failure
   617 | D:6      | Quit the game

Vault maps used:
D:1:      dpeg_arrival_three_same_balls, grunt_decor_resistance
D:2:      uniq_crazy_yiuf_cottage, uniq_jessica
D:3:      nicolae_overflow_crystal_walls, first_bread, minmay_misc_feat_plants
D:4:      temple_doors_cd, kennysheep_generic_room_7, uniq_edmund
D:5:      grunt_qazlal_sundering, tgw_xom, old_standard_altar
D:6:      corexii_shack_village, lemuel_crystal_altar
Temple:   nicolae_temple_x_marks_the_god

Skill      XL: |  1  2  3  4  5 |
---------------+----------------+-----
Conjurations   | 2 3 4 |  4.0
Fire Magic     | 4 5 |  5.1
Spellcasting   | 4 |  4.4
Dodging        | |  2.4
Stealth        | |  2.4

Action                   |  1- 3 |  4- 6 || total
-------------------------+-------+-------++-------
 Cast: Flame Tongue      |    27 |    11 ||    38
       Conjure Flame     |     5 |     1 ||     6
Evoke: Wand              |     1 |     3 ||     4
  Use: Scroll            |     3 |       ||     3
       Potion            |     2 |       ||     2
Armor: Robe              |     1 |       ||     1
Dodge: Dodged            |    17 |     7 ||    24

Table legend:
 A = Spawn XP
 B = Non-spawn XP
 C = Spawn XP percentage of total XP
 D = Spawn monster count
 E = Non-spawn monster count
 F = Spawn count percentage of total count
 G = Total turns spent on level
                    A         B        C        D         E        F      G
               +---------+---------+-------+---------+---------+-------+---------
         Total |       0 |     330 |   0.0 |       0 |      18 |   0.0 |   617
               +---------+---------+-------+---------+---------+-------+---------
           D:1 |       0 |       2 |   0.0 |       0 |       1 |   0.0 |    80
           D:2 |       0 |       2 |   0.0 |       0 |       1 |   0.0 |    60
           D:3 |       0 |      15 |   0.0 |       0 |       2 |   0.0 |    36
           D:4 |       0 |      95 |   0.0 |       0 |       7 |   0.0 |   324
           D:6 |       0 |     216 |   0.0 |       0 |       7 |   0.0 |    59
               +---------+---------+-------+---------+---------+-------+---------
